 Dungeon Sprint DCSS version 0.20-a0-809-gaf7f668 (webtiles) character file.

4700000 esc the Conqueror (level 23, -43/219 HPs)
             Began as a Demonspawn Warper on Mar 3, 2017.
             Was the Champion of Makhleb.
             Annihilated by a destroyer
             ... wielding a +9 great sword of slicing
              (50 damage)
             ... in the Dungeon (Sprint VIII: "Arena of Blood").
             The game lasted 00:02:16 (47 turns).

esc the Conqueror (Demonspawn Warper)                 Turns: 47, Time: 00:02:17

Health: -43/219    AC:  6    Str: 18    XL:     23   Next: 67%
Magic:  29/54      EV: 34    Int: 16    God:    Makhleb [******]
Gold:   0          SH:  0    Dex: 15    Spells: 76/76 levels left

rFire    . . .     SeeInvis +   l - +∞ Axe of Woe
rCold    + . .     Gourm    .   b - +0 leather armour
rNeg     . . .     Faith    .   (shield currently unavailable)
rPois    .         Spirit   .   (no helmet)
rElec    .         Reflect  .   (no cloak)
rCorr    .         Harm     .   (no gloves)
MR       +....     NoTele   +   (boots unavailable)
Stlth    ++++++++++             (no amulet)
Regen    0.5/turn               (no ring)
MPRegen  0.4/turn               m - ring of see invisible {sInv, !d}

@: no status effects
A: hooves 3, repulsion field 2, cold resistance 1, foul stench 1, nightstalker
3, passive freeze, rot immunity, freezing cloud immunity
a: Minor Destruction, Lesser Servant of Makhleb, Major Destruction, Greater
Servant of Makhleb, Renounce Religion


You were in the Dungeon.
You worshipped Makhleb.
Makhleb was exalted by your worship.
You were not hungry.

You visited 1 branch

Inventory:

Hand Weapons
 a - a +0 hand axe
 l - the +∞ Axe of Woe (weapon)
   (You found it in the Dungeon)
Missiles
 e - 5 tomahawks of dispersal {=f}
Armour
 b - a +0 leather armour (worn)
Jewellery
 m - a ring of see invisible (left hand) {sInv, !d}
   (You found it in the Dungeon)
Scrolls
 d - 2 scrolls of blinking {!r}
Potions
 g - a potion of curing
 h - a potion of heal wounds
 i - a potion of haste
 j - 2 potions of magic
 k - a potion of berserk rage {!q}
Books
 c - a book of Spatial Translocations
Comestibles
 f - a bread ration {@e1}


   Skills:
 O Level 27 Fighting
 O Level 27 Axes
 O Level 27 Throwing
 O Level 27 Armour
 O Level 27 Dodging
 O Level 27 Stealth
 O Level 27 Unarmed Combat
 O Level 27 Spellcasting
   Level 2.6 Translocations
 O Level 27 Invocations


You had 76 spell levels left.
You didn't know any spells.

Dungeon Overview and Level Annotations

Branches:
Dungeon (1/1)

Altars:
Makhleb


Innate Abilities, Weirdness & Mutations

You have hooves in place of feet.
You are surrounded by a moderate repulsion field. (EV +3)
Your flesh is cold resistant. (rC+)
You may emit foul miasma when damaged in melee.
You are completely attuned to the shadows.
A frigid envelope surrounds you and freezes all who hurt you.
You are immune to rotting.
You are immune to freezing clouds.


Message History

Your Spellcasting skill increases to level 23!
You slice the bag of meat!!
You pulverise the bag of meat into a thin bloody mist.
You kill the bag of meat!
Makhleb accepts your kill.
Your Throwing skill increases to level 24!
Your Stealth skill increases to level 26!
Your Unarmed Combat skill increases to level 24!
Your Spellcasting skill increases to level 24!
You hear a shout! x10
You slash the meat berserker!
You hew the meat berserker savagely.
You kill the meat berserker!
Makhleb accepts your kill.
Your Throwing skill increases to level 25!
You have mastered Stealth!
Your Unarmed Combat skill increases to level 25!
Your Spellcasting skill increases to level 25!
You have reached level 22!
Your demonic ancestry asserts itself...
You are surrounded by darkness.
You hear a shout! x6
Health restored: 212 Put on which piece of jewellery? (? for menu, Esc to quit)
m - a ring of see invisible (left hand) {sInv, !d} You hear a shout! x2
A bag of meat comes into view. It is wielding a +9 war axe.
You hear a shout! x5
The bag of meat moves out of view.
You hear a shout!
You slice the large bag of meat!!
You cleave the large bag of meat in twain.
The large bag of meat explodes!
The fiery explosion engulfs you! Makhleb accepts your kill.
You feel better.
Your Throwing skill increases to level 26!
Your Unarmed Combat skill increases to level 26!
Your Spellcasting skill increases to level 26!
You slice the bag of meat!!
You cleave the bag of meat in twain.
You kill the bag of meat!
Makhleb accepts your kill.
You have mastered Throwing!
You have mastered Unarmed Combat!
You have mastered Spellcasting!
You cannot train any new skill.
You are engulfed in blazing flames.
You hear a shout! x7
A meat berserker comes into view. It is wielding a +9 battleaxe.
You take 12 damage, and have 200/212 hp.
Unknown command.
Unknown command.
You hear a shout! x5
The meat berserker is engulfed in blazing flames.
A meat berserker comes into view. It is wielding a +9 battleaxe.
A meat berserker comes into view. It is wielding a +9 battleaxe.
You hear a shout! x6
The bag of meat hits you with a +9 war axe!
You hear a shout! x4
You take 13 damage, and have 188/212 hp.
You hear a shout! x4
The meat berserker completely misses you.
You hear a shout!
A bag of meat comes into view. It is wielding a +9 war axe.
The bag of meat shouts!
A bag of meat comes into view. It is wielding a +9 war axe.
The bag of meat shouts!
A destroyer comes into view.
It is wielding a +9 great sword of slicing.
The destroyer shouts!
You hear two shouts! x2; You hear a shout!
You slice the bag of meat!!
You cleave the bag of meat in twain.
You kill the bag of meat!
Makhleb accepts your kill.
You dice the meat berserker like an onion!!!
You dissect the meat berserker like a pig carcass.
You kill the meat berserker!
Makhleb accepts your kill.
You feel better.
You have reached level 23!
Your demonic ancestry asserts itself...
Your skin feels very cold.
You hit the bag of meat.
You hew the bag of meat savagely.
You kill the bag of meat!
Makhleb accepts your kill.
You hear a shout!
The destroyer blinks!
You hear a shout! x2
Health restored: 219 You slice the meat berserker!!
You hew the meat berserker savagely.
You kill the meat berserker!
Makhleb accepts your kill.
You slash the meat berserker!
You slaughter the meat berserker joyfully.
You kill the meat berserker!
Makhleb accepts your kill.
You hear a shout! x4
A bag of meat comes into view. It is wielding a +9 war axe.
You hear a shout! x8
You hear a shout! x5
You hear a shout! x3
The destroyer hits you with a +9 great sword of slicing!!!!!
Ouch! That really hurt!
* * * LOW HITPOINT WARNING * * *
You die...

################
###....§.)........ ##
.......§§§)).........
.....o.##.##.#####...
....@VO.o............
####o..o)##.##O......
....OO......oo)....
....oooo..#.#)o)....
...........o......##
o......o......
...V...........
.....).........
.....))).......


You could see a destroyer, 3 large bags of meat and 8 bags of meat.

Vanquished Creatures
  A vampire knight (D)
  11 ogres (D)
  A two-headed ogre (D)
  23 orcs (D)
36 creatures vanquished.

Notes
Turn   | Place    | Note
-------+----------+-------------------------------------------
     0 | D        | esc the Demonspawn Warper began the quest for the Orb.
     0 | D        | Reached XP level 1. HP: 16/16 MP: 3/3
     3 | D        | Noticed a bag of meat
     4 | D        | Noticed a bag of meat
     4 | D        | Became a worshipper of Makhleb the Destroyer
     5 | D        | Noticed a bag of meat
     5 | D        | Noticed a meat berserker
     7 | D        | Noticed a bag of meat
     7 | D        | Killed a bag of meat
     7 | D        | Reached skill level 14 in Fighting
     7 | D        | Reached skill level 13 in Axes
     7 | D        | Reached skill level 13 in Armour
     7 | D        | Reached skill level 13 in Dodging
     7 | D        | Gained mutation: You are immune to rotting. [demonic ancestry]
     7 | D        | Reached XP level 2. HP: 43/43 MP: 5/5
     7 | D        | Reached XP level 3. HP: 49/49 MP: 6/6
     7 | D        | Gained mutation: You are slightly more attuned to the shadows. [demonic ancestry]
     7 | D        | Reached XP level 4. HP: 56/56 MP: 7/7
     7 | D        | Reached XP level 5. HP: 62/62 MP: 8/8
     7 | D        | Gained mutation: You have large cloven feet. [demonic ancestry]
     7 | D        | Reached XP level 6. HP: 69/69 MP: 9/9
     7 | D        | Reached XP level 7. HP: 75/75 MP: 10/10
     7 | D        | Gained mutation: You may emit foul miasma when damaged in melee. [demonic ancestry]
     7 | D        | Reached XP level 8. HP: 82/82 MP: 11/11
     7 | D        | Reached XP level 9. HP: 88/88 MP: 12/12
     7 | D        | Reached XP level 10. HP: 95/95 MP: 13/13
     7 | D        | Gained mutation: You have hoof-like feet. [demonic ancestry]
     7 | D        | Reached XP level 11. HP: 101/101 MP: 14/14
     8 | D        | Killed a bag of meat
     8 | D        | Reached * piety under Makhleb
     8 | D        | Reached skill level 16 in Fighting
     8 | D        | Reached skill level 15 in Axes
     8 | D        | Reached skill level 15 in Armour
     8 | D        | Reached skill level 15 in Dodging
     8 | D        | Reached XP level 12. HP: 113/113 MP: 15/15
     9 | D        | Noticed a meat berserker
     9 | D        | Killed a bag of meat
     9 | D        | Reached skill level 18 in Fighting
     9 | D        | Reached skill level 16 in Axes
     9 | D        | Reached skill level 16 in Armour
     9 | D        | Reached skill level 16 in Dodging
     9 | D        | Gained mutation: You are surrounded by a mild repulsion field. (EV +2) [demonic ancestry]
     9 | D        | Reached XP level 13. HP: 122/122 MP: 16/16
     9 | D        | Killed a meat berserker
     9 | D        | Reached skill level 20 in Fighting
     9 | D        | Reached skill level 18 in Axes
     9 | D        | Reached skill level 18 in Armour
     9 | D        | Reached skill level 18 in Dodging
     9 | D        | Gained mutation: You are surrounded by a moderate repulsion field. (EV +3) [demonic ancestry]
     9 | D        | Reached XP level 14. HP: 136/136 MP: 17/17
    10 | D        | Noticed a bag of meat
    10 | D        | Noticed a bag of meat
    10 | D        | Noticed a bag of meat
    11 | D        | Killed a meat berserker
    11 | D        | Reached ** piety under Makhleb
    11 | D        | Reached skill level 22 in Fighting
    11 | D        | Reached skill level 20 in Axes
    11 | D        | Reached skill level 20 in Armour
    11 | D        | Reached skill level 20 in Dodging
    11 | D        | Gained mutation: You have hooves in place of feet. [demonic ancestry]
    11 | D        | Reached XP level 15. HP: 146/146 MP: 18/18
    12 | D        | Noticed a meat berserker
    13 | D        | Noticed a meat berserker
    13 | D        | Noticed a meat berserker
    14 | D        | Reached skill level 21 in Axes
    14 | D        | Reached skill level 21 in Armour
    14 | D        | Reached skill level 21 in Dodging
    14 | D        | Reached skill level 23 in Fighting
    14 | D        | Gained mutation: You are significantly more attuned to the shadows. [demonic ancestry]
    14 | D        | Reached XP level 16. HP: 157/157 MP: 19/19
    14 | D        | Reached *** piety under Makhleb
    14 | D        | Reached skill level 24 in Fighting
    14 | D        | Reached skill level 22 in Axes
    14 | D        | Reached skill level 22 in Armour
    14 | D        | Reached skill level 22 in Dodging
    15 | D        | Killed a meat berserker
    15 | D        | Reached skill level 25 in Fighting
    15 | D        | Reached skill level 23 in Axes
    15 | D        | Reached skill level 23 in Armour
    15 | D        | Reached skill level 23 in Dodging
    15 | D        | Gained mutation: Your flesh is cold resistant. (rC+) [demonic ancestry]
    15 | D        | Reached XP level 17. HP: 169/169 MP: 20/20
    16 | D        | Reached skill level 26 in Fighting
    16 | D        | Reached skill level 24 in Axes
    16 | D        | Reached skill level 24 in Armour
    16 | D        | Reached skill level 24 in Dodging
    16 | D        | Reached **** piety under Makhleb
    16 | D        | Reached skill level 27 in Fighting
    16 | D        | Reached skill level 25 in Axes
    16 | D        | Reached skill level 25 in Armour
    16 | D        | Reached skill level 25 in Dodging
    17 | D        | Noticed a meat berserker
    17 | D        | Reached skill level 26 in Axes
    17 | D        | Reached skill level 26 in Armour
    17 | D        | Reached skill level 26 in Dodging
    17 | D        | Reached XP level 18. HP: 182/182 MP: 21/21
    17 | D        | Killed a meat berserker
    17 | D        | Reached skill level 27 in Axes
    17 | D        | Reached skill level 27 in Armour
    17 | D        | Reached skill level 27 in Dodging
    17 | D        | Reached skill level 5 in Throwing
    17 | D        | Reached skill level 6 in Stealth
    17 | D        | Reached skill level 5 in Unarmed Combat
    17 | D        | Reached skill level 6 in Spellcasting
    17 | D        | Reached skill level 8 in Invocations
    18 | D        | Noticed a large bag of meat
    19 | D        | Reached ***** piety under Makhleb
    19 | D        | Reached skill level 8 in Throwing
    19 | D        | Reached skill level 9 in Stealth
    19 | D        | Reached skill level 8 in Unarmed Combat
    19 | D        | Reached skill level 8 in Spellcasting
    19 | D        | Reached skill level 11 in Invocations
    19 | D        | Reached skill level 10 in Throwing
    19 | D        | Reached skill level 11 in Stealth
    19 | D        | Reached skill level 10 in Unarmed Combat
    19 | D        | Reached skill level 10 in Spellcasting
    19 | D        | Reached skill level 14 in Invocations
    19 | D        | Reached XP level 19. HP: 189/189 MP: 21/33
    19 | D        | Reached skill level 12 in Throwing
    19 | D        | Reached skill level 12 in Stealth
    19 | D        | Reached skill level 12 in Unarmed Combat
    19 | D        | Reached skill level 12 in Spellcasting
    19 | D        | Reached skill level 16 in Invocations
    19 | D        | Killed a meat berserker
    19 | D        | Reached skill level 14 in Throwing
    19 | D        | Reached skill level 15 in Stealth
    19 | D        | Reached skill level 14 in Unarmed Combat
    19 | D        | Reached skill level 14 in Spellcasting
    19 | D        | Reached skill level 19 in Invocations
    21 | D        | Reached skill level 15 in Throwing
    21 | D        | Reached skill level 16 in Stealth
    21 | D        | Reached skill level 15 in Unarmed Combat
    21 | D        | Reached skill level 15 in Spellcasting
    21 | D        | Reached skill level 20 in Invocations
    21 | D        | Killed a meat berserker
    21 | D        | Reached skill level 17 in Throwing
    21 | D        | Reached skill level 18 in Stealth
    21 | D        | Reached skill level 17 in Unarmed Combat
    21 | D        | Reached skill level 17 in Spellcasting
    21 | D        | Reached skill level 22 in Invocations
    21 | D        | Reached XP level 20. HP: 197/197 MP: 21/41
    21 | D        | Reached skill level 19 in Stealth
    21 | D        | Reached skill level 18 in Spellcasting
    21 | D        | Reached skill level 23 in Invocations
    21 | D        | Reached skill level 18 in Throwing
    21 | D        | Reached skill level 20 in Stealth
    21 | D        | Reached skill level 18 in Unarmed Combat
    21 | D        | Reached skill level 24 in Invocations
    23 | D        | Noticed a large bag of meat
    24 | D        | Noticed a destroyer
    27 | D        | Noticed a meat berserker
    27 | D        | Noticed a large bag of meat
    28 | D        | Reached ****** piety under Makhleb
    28 | D        | Reached skill level 19 in Throwing
    28 | D        | Reached skill level 19 in Unarmed Combat
    28 | D        | Reached skill level 19 in Spellcasting
    28 | D        | Reached skill level 25 in Invocations
    28 | D        | Reached skill level 20 in Throwing
    28 | D        | Reached skill level 21 in Stealth
    28 | D        | Reached skill level 20 in Spellcasting
    28 | D        | Reached skill level 26 in Invocations
    28 | D        | Killed a destroyer
    28 | D        | Reached skill level 21 in Throwing
    28 | D        | Reached skill level 23 in Stealth
    28 | D        | Reached skill level 21 in Unarmed Combat
    28 | D        | Reached skill level 21 in Spellcasting
    28 | D        | Reached skill level 27 in Invocations
    28 | D        | Gained mutation: You are immune to freezing clouds. [demonic ancestry]
    28 | D        | Reached XP level 21. HP: 204/204 MP: 23/46
    28 | D        | Reached skill level 22 in Throwing
    28 | D        | Reached skill level 24 in Stealth
    28 | D        | Reached skill level 22 in Unarmed Combat
    28 | D        | Reached skill level 22 in Spellcasting
    30 | D        | Noticed a destroyer
    34 | D        | Noticed a large bag of meat
    35 | D        | Reached skill level 23 in Throwing
    35 | D        | Reached skill level 25 in Stealth
    35 | D        | Reached skill level 23 in Unarmed Combat
    35 | D        | Reached skill level 23 in Spellcasting
    35 | D        | Reached skill level 24 in Throwing
    35 | D        | Reached skill level 26 in Stealth
    35 | D        | Reached skill level 24 in Unarmed Combat
    35 | D        | Reached skill level 24 in Spellcasting
    36 | D        | Reached skill level 25 in Throwing
    36 | D        | Reached skill level 27 in Stealth
    36 | D        | Reached skill level 25 in Unarmed Combat
    36 | D        | Reached skill level 25 in Spellcasting
    36 | D        | Gained mutation: You are completely attuned to the shadows. [demonic ancestry]
    36 | D        | Reached XP level 22. HP: 212/212 MP: 25/51
    39 | D        | Killed a large bag of meat
    39 | D        | Reached skill level 26 in Throwing
    39 | D        | Reached skill level 26 in Unarmed Combat
    39 | D        | Reached skill level 26 in Spellcasting
    39 | D        | Reached skill level 27 in Throwing
    39 | D        | Reached skill level 27 in Unarmed Combat
    39 | D        | Reached skill level 27 in Spellcasting
    42 | D        | Noticed a destroyer
    43 | D        | Gained mutation: A frigid envelope surrounds you and freezes all who hurt you. [demonic ancestry]
    43 | D        | Reached XP level 23. HP: 219/219 MP: 27/54
    47 | D        | HP: 7/219 [destroyer/+9 great sword of slicing (212)]
    47 | D        | Annihilated by a destroyer

Vault maps used:
D:        meatsprint

Skill      XL: |  1  2  3  4  5  6  7  8  9 10 11 12 13 14 15 16 17 18 19 20 21 22 |
---------------+-------------------------------------------------------------------+-----
Fighting       | 14 16 18 20 22 23 25 27 | 27.0
Axes           | 13 15 16 18 20 21 23 26 27 | 27.0
Armour         | 13 15 16 18 20 21 23 26 27 | 27.0
Dodging        | 13 15 16 18 20 21 23 26 27 | 27.0
Throwing       | 10 17 21 25 27 | 27.0
Stealth        | 11 18 23 27 | 27.0
Unarmed Combat | 10 17 21 25 27 | 27.0
Spellcasting   | 10 17 21 25 27 | 27.0
Invocations    | 14 22 27 | 27.0
Translocations | |  2.6

Action                   |  1- 3 |  4- 6 |  7- 9 | 10-12 | 13-15 | 16-18 | 19-21 | 22-24 || total
-------------------------+-------+-------+-------+-------+-------+-------+-------+-------++-------
Melee: Executioner's axe |     1 |       |       |     2 |     2 |     4 |     4 |     3 ||    16
Dodge: Dodged            |       |       |       |       |       |     2 |     4 |     1 ||     7

Vault maps used:
D:        meatsprint

Table legend:
 A = Turns spent in this place as a percentage of turns spent in the entire game.
 B = Non-inter-level travel turns spent in this place as a percentage of non-inter-level travel turns spent in the entire game.
 C = Inter-level travel turns spent in this place as a percentage of turns spent in this place.
 D = Turns resting spent in this place as a percentage of non-inter-level travel turns spent in this place.
 E = Turns spent auto-exploring this place as a percentage of non-inter-level travel turns spent in this place.
 F = Non-inter-level travel turns spent in this place divided by the number of levels of this place that you've seen.
                   A       B       C       D       E      F
               +-------+-------+-------+-------+-------+----------------------
         Total | 100.0 | 100.0 |   0.0 |   0.0 |   0.0 |  69.0
       Dungeon | 100.0 | 100.0 |   0.0 |   0.0 |   0.0 |  69.0
               +-------+-------+-------+-------+-------+----------------------

Table legend:
 A = Kills in this place as a percentage of kills in entire the game.
 B = Kills by you in this place as a percentage of kills by you in the entire game.
 C = Kills by friends in this place as a percentage of kills by friends in the entire game.
 D = Other kills in this place as a percentage of other kills in the entire game.
 E = Experience gained in this place as a percentage of experience gained in the entire game.
 F = Experience gained in this place divided by the number of levels of this place that you have seen.
                   A       B       C       D       E      F
               +-------+-------+-------+-------+-------+----------------------
         Total | 100.0 | 100.0 |  -nan |  -nan | 100.0 | 939879.0
       Dungeon | 100.0 | 100.0 |  -nan |  -nan | 100.0 | 939879.0
               +-------+-------+-------+-------+-------+----------------------
